AoeStats
← bullseyes

African Clearing

506055293Analyzed
4v4 RM · 21d ago on Sep 12, 2026· 50m 51s· 8 players
Game mode
Random Map
Map size
Large (8 player)
Population
200
Speed
Normal
Resources
Standard
Victory
Conquest
Starting age
Dark Age
Ending age
Imperial Age
RankedLock teamsTeams togetherTeam positionsShared explorationLock speedFull tech treeHidden civsTurbo modeCheats
Victory
Defeat
🇲🇽 Mongols · Mexico
1553
+17
🇻🇳 Inca · Vietnam
1522
+18
🇵🇪 Spanish · Peru
1510
+19
🇭🇰 Cumans · Hong Kong SAR China
1481
+20
🇲🇽 Koreans · Mexico
1700
-22
🇺🇸 Italians · United States
1653
-22
🇧🇪 Japanese · Belgium
1574
-19
🇲🇽 Huns · Mexico
1376
-11
Vmmp11
6:14 Loom
13:09 Feudal Age
14:24 Double-Bit Axe
17:18 Castle Age
17:25 Fletching
18:17 Bow Saw
18:01 Horse Collar
22:59 Town Watch
29:09 Wheelbarrow
30:02 Ballistics
29:56 Bodkin Arrow
33:57 Hand Cart
36:15 Imperial Age
34:08 Padded Archer Armor
35:17 Husbandry
35:32 Bloodlines
36:14 Leather Archer Armor
36:55 Bracer
37:59 Chemistry
37:23 Conscription
38:21 Gold Mining
38:22 Stone Mining
38:38 Elite Mangudai
40:09 Cavalier
40:57 Scale Barding Armor
42:49 Forging
43:39 Thumb Ring
44:00 Parthian Tactics
44:15 Light Cavalry
45:18 Chain Barding Armor
45:13 Hussar
46:30 Iron Casting
47:15 Capped Ram
48:21 Drill
48:07 Siege Ram
49:05 Siege Engineers
51:39 Blast Furnace
51:22 Scale Mail Armor
51:24 Squires
51:10 Arson
51:27 Heavy Plow
52:04 Stone Shaft Mining
lok914
3:26 Loom
13:05 Feudal Age
17:25 Double-Bit Axe
17:33 Horse Collar
23:55 Castle Age
22:33 Wheelbarrow
21:43 Town Watch
21:51 Stone Mining
21:51 Gold Mining
24:47 Elite Skirmisher
25:18 Fletching
39:20 Gold Shaft Mining
40:18 Bow Saw
40:26 Heavy Plow
45:12 Imperial Age
42:59 Hand Cart
42:46 Town Patrol
43:17 Forging
43:16 Light Cavalry
44:07 Bloodlines
44:58 Iron Casting
44:28 Scale Barding Armor
45:19 Cavalier
47:01 Blast Furnace
46:29 Conscription
47:37 Crop Rotation
48:21 Two-Man Saw
47:44 Chain Barding Armor
47:25 Paladin
DALAT_M<O>NGKHAN
6:02 Loom
12:12 Feudal Age
16:37 Castle Age
14:54 Horse Collar
15:07 Stone Mining
16:00 Double-Bit Axe
27:04 Wheelbarrow
26:19 Horse Collar
26:31 Gold Mining
26:38 Gold Mining
27:02 Heavy Plow
27:16 Bow Saw
30:10 Champi Runner
30:51 Squires
30:37 Arson
30:55 Scale Mail Armor
35:19 Imperial Age
32:52 Champi Warrior
33:40 Arson
34:20 Forging
34:49 Chain Mail Armor
36:29 Iron Casting
36:40 Fabric Shields
36:49 Elite Champi Warrior
38:31 Plate Mail Armor
38:48 Conscription
40:07 Blast Furnace
42:49 Capped Ram
45:05 Siege Ram
48:09 Pikeman
48:41 Town Watch
49:15 Hand Cart
49:03 Heavy Plow
49:42 Town Patrol
Longbow
8:47 Loom
11:56 Feudal Age
12:31 Double-Bit Axe
13:02 Town Watch
17:07 Fletching
18:45 Wheelbarrow
25:20 Horse Collar
33:18 Castle Age
33:05 Stone Mining
34:33 Bow Saw
34:48 Padded Archer Armor
40:39 Husbandry
42:22 Gold Mining
45:56 Hand Cart
48:07 Leather Archer Armor
50:55 Imperial Age
49:33 Stone Shaft Mining
quesarito
11:31 Feudal Age
11:56 Double-Bit Axe
14:37 Fletching
15:06 Padded Archer Armor
17:57 Loom
23:40 Castle Age
24:27 Thumb Ring
24:18 Bodkin Arrow
25:42 Ballistics
24:53 Crossbowman
26:12 Wheelbarrow
27:19 Bow Saw
28:12 Leather Archer Armor
30:00 Hand Cart
38:13 Imperial Age
38:14 Gold Mining
39:13 Bracer
40:14 Chemistry
41:19 Ring Archer Armor
44:14 Arbalester
loco_angel
8:42 Loom
9:30 Loom
13:39 Feudal Age
17:28 Castle Age
15:58 Double-Bit Axe
21:34 Fletching
26:53 Bow Saw
31:02 Wheelbarrow
33:15 Ballistics
35:50 Imperial Age
35:42 Bodkin Arrow
37:05 Conscription
39:04 Husbandry
40:10 Chemistry
39:13 Bracer
41:23 Elite War Wagon
42:44 Scale Mail Armor
42:55 Forging
44:25 Chain Mail Armor
44:17 Squires
43:37 Man-at-Arms
44:03 Gambesons
44:59 Long Swordsman
45:47 Two-Handed Swordsman
Hades
8:51 Loom
13:14 Feudal Age
15:03 Fletching
17:04 Man-at-Arms
31:01 Castle Age
28:50 Double-Bit Axe
30:09 Padded Archer Armor
32:01 Bodkin Arrow
32:41 Husbandry
33:15 Bow Saw
34:11 Wheelbarrow
36:01 Leather Archer Armor
36:06 Gold Mining
36:36 Scale Barding Armor
37:39 Forging
37:54 Ballistics
38:34 Chain Barding Armor
42:59 Iron Casting
45:20 Imperial Age
45:37 Cavalier
47:03 Bloodlines
49:38 Hand Cart
50:40 Bracer
bullseyes
13:02 Feudal Age
12:18 Loom
16:43 Castle Age
14:36 Double-Bit Axe
16:14 Fletching
16:24 Gold Mining
16:31 Horse Collar
17:48 Bow Saw
19:59 Bodkin Arrow
28:42 Wheelbarrow
29:23 Padded Archer Armor
30:33 Leather Archer Armor
34:16 Imperial Age
33:12 Gold Shaft Mining
32:28 Stone Mining
33:59 Thumb Ring
34:59 Bracer
35:38 Bloodlines
35:29 Husbandry
36:54 Parthian Tactics
37:20 Ballistics
37:37 Parthian Tactics
38:58 Husbandry
39:40 Ring Archer Armor
43:13 Chemistry
42:25 Masonry
42:52 Heavy Cavalry Archer
Connection lost

Rejoining the realm…

Still unreachable

The connection could not be restored.

Session expired

The server has moved on; the page needs a fresh start.